| TOP OF THE 1ST |
|
Colorado Springs Sky Sox batting - Pitching for Reno Aces : RHP Yeong-kil Suck
|
|
Pitching: RHP Yeong-kil Suck
|
|
|
Batting: LHB Steve Gilliam
|
0-0: Called Strike 0-1: Ball 1-1: Ball 2-1: Ball 3-1: Base on Balls
|
|
Batting: RHB Juan Figueroa
|
0-0: Ball 1-0: Called Strike 1-1: Ball Wild Pitch! Steve Gilliam to second 2-1: Ball 3-1: Foul Ball, location: 2F 3-2: Ground out 1-3 (Groundball, 34S, EV 67.5 MPH) Steve Gilliam to third
|
|
Batting: LHB Kyle Schaible
|
0-0: Ball 1-0: DOUBLE (Flyball, 89XD, EV 98.1 MPH) Steve Gilliam scores
|
|
Batting: LHB Michael Krott
|
0-0: 2-RUN HOME RUN (Flyball, 9D, EV 105.6 MPH), Distance : 408 ft
|
|
Batting: RHB Ryan Rinaldi
|
0-0: Called Strike 0-1: Foul Ball, location: 2F 0-2: Ball 1-2: Ball 2-2: Ball 3-2: Foul Ball, location: 2F 3-2: Foul Ball, location: 2F 3-2: Foul Ball, location: 2F 3-2: Ground out 4-3 (Groundball, 4, EV 107.5 MPH)
|
|
Batting: LHB Luke Coulter
|
0-0: Ball 1-0: Ball 2-0: Reached on error, E4 (Groundball, 4MD, EV 80.0 MPH)
|
|
Batting: SHB Chris Besselman
|
0-0: Ground out 4-3 (Groundball, 4, EV 105.6 MPH)
|
| Top of the 1st over - 3 runs, 2 hits, 1 error, 1 left on base; Colorado Springs 3 - Reno 0 |
| BOTTOM OF THE 1ST |
|
Reno Aces batting - Pitching for Colorado Springs Sky Sox : RHP Yasushi Osumi
|
|
Pitching: RHP Yasushi Osumi
|
|
|
Batting: LHB Willie Gutierrez
|
0-0: Ball 1-0: Ball 2-0: Ball 3-0: Base on Balls
|
|
Batting: RHB Jesus Galvan
|
0-0: Called Strike Willie Gutierrez is caught stealing 2nd base 2-4 0-1: Swinging Strike 0-2: Ball 1-2: Ball 2-2: Fly out, F5 (Line Drive, 5, EV 68.1 MPH)
|
|
Batting: LHB Bobby Arevalo
|
0-0: Foul Ball, location: 2F 0-1: Foul Ball, location: 2F 0-2: Reached on error, E4 (Groundball, 4, EV 88.1 MPH)
|
|
Batting: SHB Gerardo Flores
|
0-0: Called Strike Bobby Arevalo steals 2nd, throwing error, E2 Bobby Arevalo to third 0-1: Foul Ball, location: 2F 0-2: Strikes out swinging
|
| Bottom of the 1st over - 0 runs, 0 hits, 2 errors, 1 left on base; Colorado Springs 3 - Reno 0 |
| TOP OF THE 2ND |
|
Colorado Springs Sky Sox batting - Pitching for Reno Aces : RHP Yeong-kil Suck
|
|
Batting: RHB Matviy Oliynyk
|
0-0: Foul Ball, location: 2F 0-1: Foul Ball, location: 2F 0-2: Ball 1-2: Ball 2-2: Ball 3-2: Base on Balls
|
|
Batting: RHB Pei Xie
|
0-0: Ball 1-0: Called Strike 1-1: Ball 2-1: Foul Ball, location: 2F 2-2: Ball 3-2: Strikes out swinging Matviy Oliynyk steals 2nd base Batter strikes out.
|
|
Batting: LHB Steve Gilliam
|
0-0: Ball 1-0: 2-RUN HOME RUN (Flyball, 8LXD, EV 108.8 MPH), Distance : 428 ft
|
|
Batting: RHB Juan Figueroa
|
0-0: Foul Ball, location: 2F 0-1: Ball 1-1: Swinging Strike 1-2: Ball 2-2: Ball 3-2: Strikes out swinging
|
|
Batting: LHB Kyle Schaible
|
0-0: Called Strike 0-1: Foul Ball, location: 2F 0-2: Strikes out swinging
|
| Top of the 2nd over - 2 runs, 1 hit, 0 errors, 0 left on base; Colorado Springs 5 - Reno 0 |
| BOTTOM OF THE 2ND |
|
Reno Aces batting - Pitching for Colorado Springs Sky Sox : RHP Yasushi Osumi
|
|
Batting: LHB Ian Jarvis
|
0-0: Ball 1-0: Ball 2-0: Foul Ball, location: 2F 2-1: Swinging Strike 2-2: Ball 3-2: Ground out 3-1 (Groundball, 34S, EV 80.6 MPH)
|
|
Batting: RHB Danny Gerardo
|
0-0: Foul Ball, location: 2F 0-1: Foul Ball, location: 2F 0-2: Ball 1-2: Ball 2-2: Ball 3-2: Ground out 4-3 (Groundball, 34, EV 82.5 MPH)
|
|
Batting: RHB Dustin Clark
|
0-0: Ball 1-0: Ball 2-0: Ball 3-0: Called Strike 3-1: Foul Ball, location: 2F 3-2: Foul Ball, location: 2F 3-2: Ground out 1-3 (Groundball, 13S, EV 65.6 MPH)
|
| Bottom of the 2nd over - 0 runs, 0 hits, 0 errors, 0 left on base; Colorado Springs 5 - Reno 0 |
| TOP OF THE 3RD |
|
Colorado Springs Sky Sox batting - Pitching for Reno Aces : RHP Yeong-kil Suck
|
|
Batting: LHB Michael Krott
|
0-0: Ball 1-0: Swinging Strike 1-1: Foul Ball, location: 2F 1-2: Strikes out looking
|
|
Batting: RHB Ryan Rinaldi
|
0-0: Ball 1-0: Ground out 4-3 (Groundball, 4, EV 85.0 MPH)
|
|
Batting: LHB Luke Coulter
|
0-0: Fly out, F9 (Flyball, 9D, EV 106.9 MPH)
|
| Top of the 3rd over - 0 runs, 0 hits, 0 errors, 0 left on base; Colorado Springs 5 - Reno 0 |
| BOTTOM OF THE 3RD |
|
Reno Aces batting - Pitching for Colorado Springs Sky Sox : RHP Yasushi Osumi
|
|
Batting: RHB Yutaka Oki
|
0-0: Ground out 5-3 (Groundball, 56, EV 80.6 MPH)
|
|
Batting: RHB Franklin Villanueva
|
0-0: Called Strike 0-1: Foul Ball, location: 2F 0-2: Ball 1-2: Ball 2-2: Ball 3-2: Foul Ball, location: 2F 3-2: Strikes out swinging
|
|
Batting: LHB Willie Gutierrez
|
0-0: Foul Ball, location: 2F 0-1: Foul Ball, location: 2F 0-2: Ball 1-2: Ball 2-2: SINGLE (Line Drive, 78S, EV 98.8 MPH)
|
|
Batting: RHB Jesus Galvan
|
0-0: Ball 1-0: Fly out, F9 (Flyball, 89M, EV 96.2 MPH)
|
| Bottom of the 3rd over - 0 runs, 1 hit, 0 errors, 1 left on base; Colorado Springs 5 - Reno 0 |
| TOP OF THE 4TH |
|
Colorado Springs Sky Sox batting - Pitching for Reno Aces : RHP Yeong-kil Suck
|
|
Batting: SHB Chris Besselman
|
0-0: Fly out, F7 (Flyball, 7LSF, EV 84.4 MPH)
|
|
Batting: RHB Matviy Oliynyk
|
0-0: Called Strike 0-1: Reached on error, E6 (Groundball, 6, EV 85.6 MPH)
|
|
Batting: RHB Pei Xie
|
0-0: Ball 1-0: Foul Ball, location: 2F 1-1: Called Strike 1-2: Foul Ball, location: 2F 1-2: Strikes out swinging
|
|
Batting: LHB Steve Gilliam
|
0-0: Called Strike 0-1: Ball 1-1: Ball 2-1: Called Strike 2-2: Foul Ball, location: 2F 2-2: Foul Ball, location: 2F 2-2: Ball 3-2: Ground out U3 (Groundball, 3, EV 86.9 MPH)
|
| Top of the 4th over - 0 runs, 0 hits, 1 error, 1 left on base; Colorado Springs 5 - Reno 0 |
| BOTTOM OF THE 4TH |
|
Reno Aces batting - Pitching for Colorado Springs Sky Sox : RHP Yasushi Osumi
|
|
Batting: LHB Bobby Arevalo
|
0-0: Foul Ball, location: 2F 0-1: Foul Ball, location: 2F 0-2: Foul Ball, location: 2F 0-2: Foul Ball, location: 2F 0-2: Ball 1-2: Ball 2-2: Foul Ball, location: 2F 2-2: Foul Ball, location: 2F 2-2: Fly out, F8 (Flyball, 8LXD, EV 105.6 MPH)
|
|
Batting: SHB Gerardo Flores
|
0-0: Ground out 6-3 (Groundball, 4MD, EV 106.9 MPH)
|
|
Batting: LHB Ian Jarvis
|
0-0: Ball 1-0: Called Strike 1-1: Ball 2-1: Ball 3-1: Ground out 6-3 (Groundball, 6, EV 100.0 MPH)
|
| Bottom of the 4th over - 0 runs, 0 hits, 0 errors, 0 left on base; Colorado Springs 5 - Reno 0 |
| TOP OF THE 5TH |
|
Colorado Springs Sky Sox batting - Pitching for Reno Aces : RHP Yeong-kil Suck
|
|
Batting: RHB Juan Figueroa
|
0-0: Called Strike 0-1: Ball 1-1: Ball 2-1: Foul Ball, location: 2F 2-2: Foul Ball, location: 2F 2-2: SINGLE (Groundball, 34D, EV 95.0 MPH)
|
|
Pitching: RHP Ron Hawkins
|
|
|
Batting: LHB Kyle Schaible
|
0-0: Fly out, F1 (Line Drive, P, EV 66.2 MPH)
|
|
Batting: LHB Michael Krott
|
0-0: Called Strike 0-1: Fly out, F6 (Flyball, 4MD, EV 84.4 MPH)
|
|
Batting: RHB Ryan Rinaldi
|
0-0: Called Strike 0-1: Foul Ball, location: 2F 0-2: SINGLE (Line Drive, 8RS, EV 105.6 MPH) Juan Figueroa to second
|
|
Batting: LHB Luke Coulter
|
0-0: Called Strike 0-1: Fly out, F7 (Flyball, 78S, EV 81.9 MPH)
|
| Top of the 5th over - 0 runs, 2 hits, 0 errors, 2 left on base; Colorado Springs 5 - Reno 0 |
| BOTTOM OF THE 5TH |
|
Reno Aces batting - Pitching for Colorado Springs Sky Sox : RHP Yasushi Osumi
|
|
Batting: RHB Danny Gerardo
|
0-0: Called Strike 0-1: Foul Ball, location: 2F 0-2: Ball 1-2: Ball 2-2: Ground out 6-3 (Groundball, 6, EV 103.1 MPH)
|
|
Batting: RHB Dustin Clark
|
0-0: Ball 1-0: Ball 2-0: Called Strike 2-1: Ball 3-1: Foul Ball, location: 2F 3-2: Base on Balls
|
|
Batting: RHB Yutaka Oki
|
0-0: Ball 1-0: Ball 2-0: Ball 3-0: Base on Balls Dustin Clark to second
|
|
Batting: RHB Franklin Villanueva
|
0-0: Swinging Strike 0-1: Ball 1-1: Ball 2-1: Swinging Strike 2-2: Foul Ball, location: 2F 2-2: Strikes out swinging
|
|
Batting: LHB Willie Gutierrez
|
0-0: Fly out, F7 (Flyball, 7, EV 91.9 MPH)
|
| Bottom of the 5th over - 0 runs, 0 hits, 0 errors, 2 left on base; Colorado Springs 5 - Reno 0 |
| TOP OF THE 6TH |
|
Colorado Springs Sky Sox batting - Pitching for Reno Aces : RHP Ron Hawkins
|
|
Batting: SHB Chris Besselman
|
0-0: Swinging Strike 0-1: Ball 1-1: Foul Ball, location: 2F 1-2: Ball 2-2: Strikes out swinging
|
|
Batting: RHB Matviy Oliynyk
|
0-0: Ball 1-0: SOLO HOME RUN (Flyball, 7D, EV 100.0 MPH), Distance : 393 ft
|
|
Batting: RHB Pei Xie
|
0-0: Called Strike 0-1: Ball 1-1: SINGLE (Groundball, 34D, EV 106.2 MPH)
|
|
Batting: LHB Steve Gilliam
|
0-0: Called Strike 0-1: Foul Ball, location: 2F 0-2: Strikes out looking
|
|
Batting: RHB Juan Figueroa
|
0-0: Ball 1-0: Ball 2-0: Ball 3-0: Base on Balls Pei Xie to second
|
|
Batting: LHB Kyle Schaible
|
0-0: Foul Ball, location: 2F 0-1: Ball 1-1: Called Strike 1-2: DOUBLE (Flyball, 89D, EV 107.5 MPH) Pei Xie scores Juan Figueroa to third Runner from 3rd tries for Home, SAFE, no throw by CF
|
|
Batting: LHB Michael Krott
|
0-0: Ground out 4-3 (Groundball, 34, EV 100.0 MPH)
|
| Top of the 6th over - 3 runs, 3 hits, 0 errors, 1 left on base; Colorado Springs 8 - Reno 0 |
| BOTTOM OF THE 6TH |
|
Reno Aces batting - Pitching for Colorado Springs Sky Sox : RHP Yasushi Osumi
|
|
Batting: RHB Jesus Galvan
|
0-0: Foul Ball, location: 2F 0-1: Ball 1-1: SINGLE (Groundball, 56D, EV 98.8 MPH) (infield hit)
|
|
Batting: LHB Bobby Arevalo
|
0-0: Called Strike 0-1: Called Strike 0-2: Strikes out swinging
|
|
Batting: SHB Gerardo Flores
|
0-0: Ball 1-0: Ball 2-0: Fly out, F6 (Popup, 6, EV 67.5 MPH)
|
|
Batting: LHB Ian Jarvis
|
0-0: Ball 1-0: Foul Ball, location: 2F 1-1: Swinging Strike 1-2: Ball 2-2: Foul Ball, location: 2F 2-2: Foul Ball, location: 2F 2-2: Foul Ball, location: 2F 2-2: Strikes out swinging
|
| Bottom of the 6th over - 0 runs, 1 hit, 0 errors, 1 left on base; Colorado Springs 8 - Reno 0 |
| TOP OF THE 7TH |
|
Colorado Springs Sky Sox batting - Pitching for Reno Aces : RHP Ron Hawkins
|
|
Batting: RHB Ryan Rinaldi
|
0-0: Ball 1-0: Called Strike 1-1: Ball 2-1: Swinging Strike 2-2: Ground out 6-3 (Groundball, 56, EV 88.8 MPH)
|
|
Batting: LHB Luke Coulter
|
0-0: Swinging Strike 0-1: Called Strike 0-2: Ball 1-2: Ball 2-2: SINGLE (Line Drive, 6D, EV 93.8 MPH)
|
|
Batting: SHB Chris Besselman
|
0-0: Fielders Choice at 2nd, 3-6 (Groundball, 34S, EV 83.8 MPH)
|
|
Pinch Hitting: RHB John Boyer
|
0-0: Reached on error, E6 (Groundball, 4MS, EV 85.0 MPH) Chris Besselman to second
|
|
Batting: RHB Pei Xie
|
0-0: Ball 1-0: Fielders Choice at 2nd, 5-4 (Groundball, 56, EV 106.9 MPH)
|
| Top of the 7th over - 0 runs, 1 hit, 1 error, 2 left on base; Colorado Springs 8 - Reno 0 |
| BOTTOM OF THE 7TH |
|
Reno Aces batting - Pitching for Colorado Springs Sky Sox : RHP Yasushi Osumi
|
|
Pitching: LHP Kyle Mearkle
|
|
|
Now at 3B: John Boyer
|
|
|
Pinch Hitting: RHB Cesar Chavez
|
0-0: Ball 1-0: Swinging Strike 1-1: Swinging Strike 1-2: Foul Ball, location: 2F 1-2: Hit by Pitch
|
|
Pinch Hitting: RHB Justin McQuarter
|
0-0: Ball 1-0: Ball 2-0: Called Strike 2-1: Ball 3-1: Base on Balls Cesar Chavez to second
|
|
Batting: RHB Yutaka Oki
|
0-0: Called Strike 0-1: Ball 1-1: Foul Ball, location: 2F 1-2: Ball 2-2: Foul Ball, location: 2F 2-2: Ball 3-2: Base on Balls Cesar Chavez to third Justin McQuarter to second
|
|
Batting: RHB Franklin Villanueva
|
0-0: Foul Ball, location: 2F 0-1: Foul Ball, location: 2F 0-2: Ball 1-2: Ball 2-2: Ball 3-2: Ground out 6-3 (Groundball, P, EV 85.0 MPH) Cesar Chavez scores Justin McQuarter to third Yutaka Oki to second
|
|
Pinch Hitting: RHB Edgar Garcia
|
0-0: Foul Ball, location: 2F 0-1: Foul Ball, location: 2F 0-2: Ground out U3 (Groundball, 3S, EV 81.2 MPH)
|
|
Pinch Hitting: RHB Chris Stillions
|
0-0: Ball 1-0: Fly out, F7 (Flyball, 78S, EV 88.1 MPH)
|
| Bottom of the 7th over - 1 run, 0 hits, 0 errors, 2 left on base; Colorado Springs 8 - Reno 1 |
| TOP OF THE 8TH |
|
Colorado Springs Sky Sox batting - Pitching for Reno Aces : RHP Ron Hawkins
|
|
Now at 1B: Justin McQuarter
|
|
|
Now at 2B: Cesar Chavez
|
|
|
Now at SS: Edgar Garcia
|
|
|
Now in RF: Jeff Densmore
|
|
|
Batting: LHB Steve Gilliam
|
0-0: Called Strike 0-1: Ground out 6-3 (Groundball, 6, EV 79.4 MPH)
|
|
Batting: RHB Juan Figueroa
|
0-0: Ground out U3 (Groundball, 3, EV 86.9 MPH)
|
|
Batting: LHB Kyle Schaible
|
0-0: Swinging Strike 0-1: Called Strike 0-2: Ball 1-2: Foul Ball, location: 2F 1-2: Strikes out looking
|
| Top of the 8th over - 0 runs, 0 hits, 0 errors, 0 left on base; Colorado Springs 8 - Reno 1 |
| BOTTOM OF THE 8TH |
|
Reno Aces batting - Pitching for Colorado Springs Sky Sox : LHP Kyle Mearkle
|
|
Batting: LHB Bobby Arevalo
|
0-0: Ball 1-0: Called Strike 1-1: Foul Ball, location: 2F 1-2: Foul Ball, location: 2F 1-2: Ball 2-2: Strikes out swinging
|
|
Pinch Hitting: LHB Kevin Ferguson
|
0-0: Ball 1-0: Foul Ball, location: 2F 1-1: Ball 2-1: Swinging Strike 2-2: SINGLE (Groundball, 3S, EV 73.1 MPH) (infield hit)
|
|
Batting: LHB Ian Jarvis
|
0-0: Foul Ball, location: 2F 0-1: Ball 1-1: Ball 2-1: SINGLE (Groundball, 4D, EV 101.2 MPH) Kevin Ferguson to second
|
|
Pitching: RHP Vas Karamyshev
|
|
|
Batting: RHB Cesar Chavez
|
0-0: Ball 1-0: Called Strike 1-1: Ball 2-1: Swinging Strike 2-2: Ball 3-2: Foul Ball, location: 2F 3-2: Base on Balls Kevin Ferguson to third Ian Jarvis to second
|
|
Pinch Hitting: LHB Jeff Harmon
|
0-0: Swinging Strike 0-1: Foul Ball, location: 2F 0-2: Strikes out swinging
|
|
Pinch Hitting: LHB Tommy King
|
0-0: Called Strike 0-1: Ball 1-1: Swinging Strike 1-2: Foul Ball, location: 2F 1-2: Strikes out swinging
|
| Bottom of the 8th over - 0 runs, 2 hits, 0 errors, 3 left on base; Colorado Springs 8 - Reno 1 |
| TOP OF THE 9TH |
|
Colorado Springs Sky Sox batting - Pitching for Reno Aces : RHP Ron Hawkins
|
|
Now at 1B: Ernest Olkowicz
|
|
|
Now in LF: Tommy King
|
|
|
Now in CF: Jeff Densmore
|
|
|
Now in RF: Kevin Ferguson
|
|
|
Batting: LHB Michael Krott
|
0-0: Ground out 4-3 (Groundball, 4, EV 81.9 MPH)
|
|
Batting: RHB Ryan Rinaldi
|
0-0: Foul Ball, location: 2F 0-1: Called Strike 0-2: Ball 1-2: Ball 2-2: Foul Ball, location: 2F 2-2: Ball 3-2: Fly out, F8 (Flyball, 8LM, EV 90.6 MPH)
|
|
Batting: LHB Luke Coulter
|
0-0: Called Strike 0-1: Ball 1-1: Fly out, F8 (Flyball, 8LXD, EV 104.4 MPH)
|
| Top of the 9th over - 0 runs, 0 hits, 0 errors, 0 left on base; Colorado Springs 8 - Reno 1 |
| BOTTOM OF THE 9TH |
|
Reno Aces batting - Pitching for Colorado Springs Sky Sox : RHP Vas Karamyshev
|
|
Batting: RHB Franklin Villanueva
|
0-0: Foul Ball, location: 2F 0-1: Foul Ball, location: 2F 0-2: Foul Ball, location: 2F 0-2: Foul Ball, location: 2F 0-2: Ball 1-2: Ground out 6-3 (Groundball, 56, EV 88.1 MPH)
|
|
Batting: RHB Edgar Garcia
|
0-0: Ball 1-0: Ball 2-0: Swinging Strike 2-1: Foul Ball, location: 2F 2-2: Foul Ball, location: 2F 2-2: Strikes out swinging
|
|
Batting: LHB Jeff Densmore
|
0-0: Called Strike 0-1: Swinging Strike 0-2: Fly out, F8 (Flyball, 8LXD, EV 100.6 MPH)
|
| Bottom of the 9th over - 0 runs, 0 hits, 0 errors, 0 left on base; Colorado Springs 8 - Reno 1 |
|